 Dungeon Crawl Stone Soup version 0.23-a0-150-g7664ed78f7 (webtiles) character file.

116 Holzbalken the Cudgeler (level 5, 0/32 HPs)
             Began as a Gargoyle Fighter on Sept 7, 2018.
             Slain by a gnoll
             ... wielding a +0 spear
              (3 damage)
             ... on level 3 of the Dungeon.
             The game lasted 00:07:09 (1835 turns).

Holzbalken the Cudgeler (Gargoyle Fighter)          Turns: 1835, Time: 00:07:10

Health: 0/32       AC: 10    Str: 21    XL:     5   Next: 0%
Magic:  5/5        EV:  7    Int:  8    God:
Gold:   98         SH:  9    Dex:  9    Spells: 4/4 levels left

rFire    . . .     SeeInvis .   a - +0 flail
rCold    . . .     Gourm    .   c - +0 shield
rNeg     + . .     Faith    .   b - +0 scale mail
rPois    ∞         Spirit   .   (no helmet)
rElec    +         Reflect  .   (no cloak)
rCorr    .         Harm     .   (no gloves)
MR       .....                  (no boots)
Stlth    ..........             (no amulet)
HPRegen  0.10/turn              (no ring)
MPRegen  0.09/turn              (no ring)

@: no status effects
A: negative energy resistance 1, electricity resistance, unbreathing,
petrification resistance, rot immunity, AC +4
a: no special abilities


You were on level 3 of the Dungeon.
You were hungry.

You visited 1 branch of the dungeon, and saw 3 of its levels.

You collected 98 gold pieces.

Inventory:

Hand Weapons
 a - a +0 flail (weapon)
Armour
 b - a +0 scale mail (worn)
 c - a +0 shield (worn)
Jewellery
 p - an uncursed ring of protection from cold {unknown}
 s - a cursed ring of attention {unknown}
Scrolls
 e - 2 scrolls of random uselessness {unknown}
 h - 2 scrolls of immolation {unknown}
 i - 2 scrolls of identify {unknown}
 k - 2 scrolls of remove curse {unknown}
 m - a scroll of magic mapping {unknown}
 r - a scroll of blinking {unknown}
Potions
 d - a potion of might
 j - 2 potions of curing {unknown}
 l - a potion of invisibility {unknown}
 n - a potion of magic {unknown}
 o - 2 potions of heal wounds {unknown}
 q - a potion of berserk rage {unknown}
Comestibles
 f - 3 rations
 g - 2 chunks of flesh


   Skills:
 - Level 3.2 Fighting
 + Level 5.0 Maces & Flails
 - Level 3.2 Armour
 - Level 3.2 Shields


You had 4 spell levels left.
You didn't know any spells.
Your spell library was empty.

Dungeon Overview and Level Annotations

Branches:
Dungeon (3/15)

Altars:


Innate Abilities, Weirdness & Mutations

You are resistant to torment.
Your stone body is resilient. (AC +4)
You are immune to poison.
You resist negative energy. (rN+)
You are resistant to electric shocks. (rElec)
You can survive without breathing.
You are immune to petrification.
You are immune to rotting.


Message History

You block the gnoll's attack.
You closely miss the gnoll.
The gnoll is severely wounded.
You block the gnoll's attack. The gnoll hits you but does no damage.
The gnoll barely misses you.
You hit the gnoll.
The gnoll is almost dead.
The gnoll hits you.
* * * LOW HITPOINT WARNING * * *
You block the gnoll's attack. x2
Your shield and scale mail prevent you from hitting the gnoll.
The gnoll is almost dead.
You block the gnoll's attack. The gnoll hits you but does no damage.
You hit the gnoll.
You kill the gnoll!
Your Maces & Flails skill increases to level 5!
You have reached level 5!
The gnoll barely misses you. The gnoll hits you with a spear.
You die...

#.# #.# #.# #.#
#.######
###########.#
......>..
.........##.####
######...
######........#
#........#
#........#
#####g.......#
+...@....>####
#####
########.....#
..[.. #.....#
####. #.....#
.## #.....# ....
........ .###
###..#### ...
..# .###


You could see a gnoll.

Vanquished Creatures
  2 gnolls (D:3)
  2 adders (D:2)
  An ooze (D:1)
  A worm (D:2)
  3 dart slugs
  2 leopard geckos
  4 bats
  7 giant cockroaches
  7 goblins
  9 hobgoblins
  4 jackals (D:1)
  A quokka (D:2)
  7 frilled lizards
  6 kobolds
  5 rats
61 creatures vanquished.

Notes
Turn   | Place    | Note
-------+----------+-------------------------------------------
     0 | D:1      | Holzbalken the Gargoyle Fighter began the quest for the
                  | Orb.
     0 | D:1      | Reached XP level 1. HP: 14/14 MP: 1/1
   335 | D:1      | Reached XP level 2. HP: 19/19 MP: 2/2
   338 | D:1      | Reached skill level 3 in Maces & Flails
   469 | D:1      | Reached XP level 3. HP: 20/23 MP: 3/3
  1088 | D:2      | Reached skill level 4 in Maces & Flails
  1170 | D:2      | Reached XP level 4. HP: 28/28 MP: 4/4
  1834 | D:3      | Reached skill level 5 in Maces & Flails
  1834 | D:3      | Reached XP level 5. HP: 3/32 MP: 5/5
  1835 | D:3      | Slain by a gnoll

Vault maps used:
D:1:      onia_arrival_larder, minmay_split_cup_large
D:2:      first_ration, kennysheep_generic_room_13
D:3:      chequers_ecumenical_altar_island, minmay_fountain_box, roderic_batcave

Skill      XL: |  1  2  3  4 |
---------------+-------------+-----
Maces & Flails | 3 4 5 |  5.0
Fighting       | |  3.2
Armour         | |  3.2
Shields        | |  3.2

Action                   |  1- 3 |  4- 6 || total
-------------------------+-------+-------++-------
Melee: Flail             |   162 |    95 ||   257
  Eat: Chunk             |     1 |     2 ||     3
Armor: Scale mail        |    90 |    73 ||   163
Dodge: Dodged            |    48 |    34 ||    82
Block: Shield            |    82 |    58 ||   140

Table legend:
 A = Non-vault XP
 B = Vault XP
 C = Vault XP percentage of total XP
 D = Non-vault monster count
 E = Vault monster count
 F = Vault count percentage of total count
                 A         B        C        D         E       F
            +---------+---------+-------+---------+---------+-------
      Total |     151 |      15 |   9.0 |      52 |       9 |  14.8
            +---------+---------+-------+---------+---------+-------
        D:1 |      52 |      13 |  20.0 |      26 |       8 |  23.5
        D:2 |      66 |       2 |   2.9 |      22 |       1 |   4.3
        D:3 |      33 |       0 |   0.0 |       4 |       0 |   0.0
            +---------+---------+-------+---------+---------+-------
